 Dungeon Crawl Stone Soup version 0.25-a0-577-ga4619f409e (webtiles) character file.

Game seed: 5525209868104241028, levelgen mode: deterministic

53 Flugslaktarn the Covered (level 3, 0/34 HPs)
             Began as a Deep Dwarf Fighter on Mar 2, 2020.
             Slain by Menkaure (17 damage)
             ... on level 4 of the Dungeon.
             The game lasted 00:00:39 (736 turns).

Flugslaktarn the Covered (Deep Dwarf Fighter)        Turns: 736, Time: 00:00:39

Health: 0/34       AC:  8    Str: 20    XL:     3   Next: 64%
Magic:  3/3        EV:  7    Int:  8    God:
Gold:   83         SH:  9    Dex: 12    Spells: 2/2 levels left

rFire    . . .     SeeInvis .   a - +0 war axe
rCold    . . .     Gourm    .   c - +0 kite shield
rNeg     . . .     Faith    .   b - +0 scale mail
rPois    .         Spirit   .   (no helmet)
rElec    .         Reflect  .   (no cloak)
rCorr    .         Harm     .   (no gloves)
MR       .....                  n - +0 pair of boots
Stlth    ..........             s - amulet of the acrobat
HPRegen  0.00/turn              (no ring)
MPRegen  0.08/turn              (no ring)

@: non-regenerating
A: damage resistance, heal wounds, sense surroundings 1, no regeneration
a: Heal Wounds


You were on level 4 of the Dungeon.
You were not hungry.

You visited 1 branch of the dungeon, and saw 4 of its levels.

You collected 83 gold pieces.

Inventory:

Hand Weapons
 a - a +0 war axe (weapon)
Armour
 b - a +0 scale mail (worn)
 c - a +0 kite shield (worn)
 n - a +0 pair of boots (worn)
   (You found it on level 3 of the Dungeon)
Jewellery
 s - an amulet of the acrobat (around neck)
   (You found it on level 3 of the Dungeon)
Scrolls
 j - 2 scrolls of enchant armour {unknown}
 k - a scroll of enchant weapon {unknown}
 r - a scroll of identify {unknown}
Potions
 d - 2 potions of might
 f - a potion of invisibility {unknown}
 g - a potion of brilliance {unknown}
 h - 2 potions of haste {unknown}
 i - a potion of curing {unknown}
 l - a potion of heal wounds {unknown}
 m - a potion of cancellation {unknown}
 o - a potion of lignification {unknown}
 p - a potion of magic {unknown}
 t - a potion of degeneration {unknown}
Comestibles
 e - 5 rations
 q - 11 chunks of flesh


   Skills:
 + Level 3.0 Fighting
 * Level 3.2 Axes
 + Level 3.7 Armour
 + Level 3.7 Shields


You had 2 spell levels left.
You didn't know any spells.
Your spell library was empty.

Dungeon Overview and Level Annotations

Branches:
Dungeon (4/15)
 Temple: D:4-7

Altars:
Dithmenos
Qazlal
Sif Muna
Trog

Annotations:
D:4 Menkaure


Innate Abilities, Weirdness & Mutations

You are resistant to damage.
You can heal yourself by infusing magical energy.
You passively map a small area around you.
You do not regenerate.


Message History

Menkaure is moderately damaged.
You block Menkaure's attack. x2
Your shield and scale mail prevent you from hitting Menkaure.
Menkaure is moderately damaged.
Menkaure forgets how to speak, silenced by the ages.
Menkaure hits you! Menkaure closely misses you.
You are too injured to fight recklessly!
You are too injured to fight recklessly!
You fail to use your ability.
Menkaure rustles, "It doesn't hurt if you pull your brain out of your nose yourself."
You block Menkaure's attack.
You are too injured to fight recklessly!
You are too injured to fight recklessly!
You feel much better. You block Menkaure's attack.
You barely miss Menkaure.
Menkaure is moderately damaged.
Menkaure calls on the powers of darkness!
Your body is wracked with pain!
Menkaure hits you!!
Ouch! That really hurt!
You die...

* ..# .......#
......##### ## *
#......#..## #.##
###.##..##...### ...##
.#...........#.# ....#
...............##M.##*
........###.....@...#
...............>..$.#
.....#................#
<.....................#
..................#.....
*
........................
....÷...................
.....÷......#...........
* .....#......##.......
,


You could see Menkaure.

Vanquished Creatures
  2 adders
  A dart slug (D:4)
  A leopard gecko (D:4)
  2 orcs (D:3)
  2 bats
  2 giant cockroaches (D:1)
  2 goblins
  4 hobgoblins
  3 kobolds
  2 quokkas
  2 frilled lizards
  9 rats
32 creatures vanquished.

Notes
Turn   | Place    | Note
-------+----------+-------------------------------------------
     0 | D:1      | Flugslaktarn the Deep Dwarf Fighter began the quest for the
                  | Orb.
     0 | D:1      | Reached XP level 1. HP: 20/20 MP: 1/1
   129 | D:1      | Reached XP level 2. HP: 27/27 MP: 2/2
   370 | D:3      | Found a shadowy altar of Dithmenos.
   546 | D:3      | Found a shimmering blue altar of Sif Muna.
   546 | D:3      | Found a stormy altar of Qazlal.
   548 | D:3      | Found a bloodstained altar of Trog.
   598 | D:3      | Reached XP level 3. HP: 34/34 MP: 3/3
   726 | D:4      | Noticed Menkaure
   736 | D:4      | Slain by Menkaure

Levels and vault maps discovered:
D:1:      dpeg_arrival_ratfight, layout_basic
D:2:      layout_rooms, minmay_misc_feat_ornament, wad_orctagon
D:3:      layout_loops_ring, grunt_dithmenos_smoke_and_mirrors,
          chequers_temple_overflow_statue_of_worship, first_ration,
          minmay_ruptured
D:4:      layout_cave_pools, old_standard_altar, uniq_menkaure, uniq_robin,
          uniq_grinder

Skill      XL: |  1  2 |
---------------+-------+-----
Fighting       | 3 |  3.0
Axes           | 3 |  3.2
Armour         | |  3.7
Shields        | |  3.7

Action                   || total
-------------------------++-------
Melee: War axe           ||   105
 Abil: Heal Wounds       ||     3
Armor: Scale mail        ||    53
Dodge: Dodged            ||    37
Block: Kite shield       ||    70

Table legend:
 A = Non-vault XP
 B = Vault XP
 C = Vault XP percentage of total XP
 D = Non-vault monster count
 E = Vault monster count
 F = Vault count percentage of total count
                 A         B        C        D         E       F
            +---------+---------+-------+---------+---------+-------
      Total |      65 |      12 |  15.6 |      24 |       8 |  25.0
            +---------+---------+-------+---------+---------+-------
        D:1 |      15 |       5 |  25.0 |       9 |       5 |  35.7
        D:2 |       4 |       0 |   0.0 |       3 |       0 |   0.0
        D:3 |      25 |       7 |  21.9 |       8 |       3 |  27.3
        D:4 |      21 |       0 |   0.0 |       4 |       0 |   0.0
            +---------+---------+-------+---------+---------+-------
